 Dungeon Crawl Stone Soup version 0.30-b1-2-g02819fbbbe (webtiles) character file.

Game seed: 17648165925876507602

25423 Arcadio the Fighter (level 12, -10/118 HPs)
             Began as a Minotaur Fighter on May 13, 2023.
             Was the Champion of Uskayaw.
             Killed by divine providence
             ... invoked by an orc priest
              (12 damage)
             ... on level 2 of the Orcish Mines.
             The game lasted 00:29:01 (16294 turns).

Arcadio the Fighter (Minotaur Fighter)             Turns: 16294, Time: 00:29:01

Health: -10/118    AC: 24    Str: 32    XL:     12   Next: 89%
Magic:  15/15      EV: 11    Int:  5    God:    Uskayaw [******]
Gold:   1273       SH:  0    Dex:  9    Spells: 11/11 levels left

rFire   + + .        B - +2 executioner's axe of the Forgotten Lies {flame, Contam rElec rN++ Stlth+}
rCold   . . .        (shield currently unavailable)
rNeg    + + .        Z - +8 ring mail of the Lion {-Cast rF++ Str+5}
rPois   .            (helmet restricted)
rElec   +            n - +0 cloak
rCorr   .            W - +1 pair of gloves
SInv    +            M - +2 pair of boots
Will    +....        (no amulet)
Stlth   +            b - ring of willpower
HPRegen 0.39/turn    L - ring of see invisible
MPRegen 0.14/turn

%: no spellcasting
@: about to teleport
A: horns 2, retaliatory headbutt
a: Renounce Religion, Stomp, Line Pass, Grand Finale


You were on level 2 of the Orcish Mines.
You worshipped Uskayaw.
Uskayaw was noncommittal.
You visited 3 branches of the dungeon, and saw 14 of its levels.
You also visited: Bailey and Ice Cave.

You collected 1482 gold pieces.
You spent 209 gold pieces at shops.

Inventory:

Hand Weapons
 a - the +5 great mace of Fimbulwinter {venom, rElec rF+ rCorr Dex-2}
   (You found it in an ice cave)

   Dex:       It affects your dexterity (-2).
   rF:        It protects you from fire.
   rElec:     It insulates you from electricity.
   rCorr:     It protects you from acid and corrosion.
 B - the +2 executioner's axe of the Forgotten Lies (weapon) {flame, Contam rElec rN++ Stlth+}
   (You acquired it on level 7 of the Dungeon)

   rElec:     It insulates you from electricity.
   rN:        It greatly protects you from negative energy.
   Contam:    It causes magical contamination when unequipped.
   Stlth:     It makes you more stealthy.
Missiles
 c - a throwing net (quivered)
Armour
 n - a +0 cloak (worn)
 M - a +2 pair of boots (worn)
 W - a +1 pair of gloves (worn)
 Y - a +0 crystal plate armour of cold resistance
 Z - the +8 ring mail of the Lion (worn) {-Cast rF++ Str+5}
   (You found it in an ice cave)

   Str:       It affects your strength (+5).
   rF:        It greatly protects you from fire.
   -Cast:     It prevents spellcasting.
Jewellery
 b - a ring of willpower (left hand)
 l - a ring of protection from cold
 s - a ring of resist corrosion
 L - a ring of see invisible (right hand)
Wands
 j - a wand of charming (6)
 k - a wand of quicksilver (27)
 q - a wand of digging (2)
 G - a wand of iceblast (3)
 T - a wand of polymorph (8)
 V - a wand of flame (2)
Scrolls
 e - 7 scrolls of fog
 i - 4 scrolls of teleportation
 m - 6 scrolls of immolation
 o - a scroll of butterflies {unknown}
 p - a scroll of noise {unknown}
 w - 3 scrolls of fear {unknown}
 x - 2 scrolls of enchant weapon {unknown}
 y - a scroll of magic mapping
 z - a scroll of amnesia {unknown}
 D - 5 scrolls of vulnerability {unknown}
 E - 5 scrolls of blinking
 F - 2 scrolls of enchant armour {unknown}
 O - 3 scrolls of poison
 U - a scroll of brand weapon {unknown}
Potions
 d - 3 potions of might
 f - 9 potions of curing
 g - 6 potions of lignification
 h - a potion of ambrosia
 t - a potion of cancellation {unknown}
 u - 2 potions of invisibility
 v - 3 potions of magic
 H - 2 potions of brilliance
 I - a potion of mutation {unknown}
 K - 3 potions of flight
 N - 3 potions of haste
 P - 4 potions of berserk rage
 Q - 2 potions of degeneration {unknown}
Miscellaneous
 J - a phantom mirror
 X - a phial of floods


   Skills:
 + Level 14.9 Fighting
 + Level 14.6 Axes
 + Level 14.8 Armour
 - Level 3.6 Shields
 + Level 6.0 Invocations


You had 11 spell levels left.
You didn't know any spells.
Your spell library contained the following spells:

 Spells                   Type           Power      Damage    Failure   Level
 Magic Dart               Conj           0%         1d3       56%         1
 Call Imp                 Summ           0%         N/A       71%         2
 Gell's Gravitas          Tloc           0%         N/A       90%         3
 Mephitic Cloud           Conj/Pois/Air  0%         N/A       90%         3
 Volatile Blastmotes      Fire/Tloc      0%         2d10      90%         3
 Passage of Golubria      Tloc           0%         N/A       100%        4
 Sticky Flame             Conj/Fire      0%         2d3       100%        4


Dungeon Overview and Level Annotations

Branches:
Dungeon (11/15) Zot: 24959  Temple (1/1) D:7 Zot: 5870    Lair (0/5) D:9
    Orc (2/2) D:11 Zot: 10608     Elf (0/3) Orc:2        Bailey (visited)
  IceCv (visited)

Altars:
Ashenzari
Cheibriados
Dithmenos
Elyvilon
Fedhas
Gozag
Hepliaklqana
Kikubaaqudgha
Makhleb
Nemelex Xobeh
Okawaru
Qazlal
Ru
Sif Muna
Trog
Uskayaw
Vehumet
Wu Jian
Xom
Yredelemnul
Zin
The Shining One

Shops:
D:1 ?   D:7 !   D:9 (([:(   Orc:1 =(   Orc:2 *

Annotations:
Orc:2 Saint Roka


Innate Abilities, Weirdness & Mutations

You have a pair of horns on your head.
You reflexively headbutt those who attack you in melee.


Message History

The orc hits you but does no damage. The orc sorcerer casts a spell at you.
You resist with almost no effort.
As you read the scroll of teleportation, it crumbles to dust.
You feel strangely unstable. The orc wizard closely misses you.
You furiously retaliate!
You headbutt the orc wizard. The orc hits you but does no damage.
The orc priest begins to cast a cantrip, but forgets the words!
An orc warrior comes into view. It is wielding a +0 dire flail.
The orc warlord roars a battlecry!
The orcs go into a battle-frenzy!
The orc sorcerer closely misses you.
You barely miss the orc. You slice the orc sorcerer!!
You kill the rust devil!
The rust devil disappears in a puff of smoke!
You kill the orc sorcerer!
The rust devil disappears in a puff of smoke!
You burn the orc sorcerer.
You kill the orc sorcerer!
The neqoxec disappears in a puff of smoke!
You slash the orc wizard! You burn the orc wizard.
You kill the orc wizard!
The orc completely misses you. You furiously retaliate!
You headbutt the orc!
You kill the orc!
The orc warlord unwields a +2 dire flail.
The orc warlord wields a +0 arbalest.
The orc warlord shoots a bolt.
The bolt hits you!!
* * * LOW HITPOINT WARNING * * *
Your Invocations skill increases to level 6!
You closely miss the orc knight. Your headbutt misses the orc knight.
The orc knight is lightly wounded.
The orc warrior is no longer sharing its pain.
The orc priest is no longer sharing its pain.
The orc knight hits you with a +3 battleaxe!
* * * LOW HITPOINT WARNING * * *
The orc priest calls upon Beogh to heal the orc knight.
The orc knight's wounds heal themselves!
The orc priest mumbles some strange prayers to Beogh against you.
Beogh smites you!
You die...

#...##..# .....##.## ###
......#..# ##.## ..8_.∩#.##
#...# ......#.# ##.##
.....##.# ##.##
#...##..####...## ##
#####..###.##.#)## ...
......#.#...#..o@### ....
..#.##......o...)))## ...#
...##...##########oo##..#...
#..#..### ##o)o.....# #....#
#ooo.#...# ..... ##oo§.# #
..#.# #.....# .##. o.8..## #
.. o.....#


You could see an orc warlord (pain bonded), an orc knight (strong, pain bonded),
2 orc warriors, 2 orc priests, an orc wizard (strong) and 3 orcs.

Vanquished Creatures
  Jorgrun (Orc:1)
  Josephine (D:11)
  An orc high priest (D:11)
  Sonja (Orc:2)
  2 orc knights
  2 bog bodies (IceCv)
  A cyclops (D:11)
  5 orc sorcerers
  An ice statue (IceCv)
  2 gargoyles
  Maggie (D:7)
  2 rime drakes (D:11)
  A kobold demonologist (D:10)
  A freezing wraith (IceCv)
  2 ice devils (IceCv)
  2 unseen horror skeletons (D:9)
  2 trolls
  Grinder (D:4)
  22 yaks
  2 shadows
  3 wraiths (D:11)
  A wyvern (D:9)
  A dire elephant simulacrum (IceCv)
  3 vampire mosquitoes (D:10)
  2 humans (D:10)
  A steam dragon (D:10)
  4 wargs
  2 acid dragons
  2 harpy simulacra (IceCv)
  2 two-headed ogre zombies (D:11)
  2 water moccasins (D:9)
  24 orc warriors
  A spectral hornet (D:9)
  6 sky beasts
  3 ice beasts (D:7)
  5 ogres
  4 centaurs
  A phantom (D:11)
  4 kobold brigands
  A bullfrog (D:8)
  4 scorpions
  6 two-headed ogre simulacra (IceCv)
  3 cane toad simulacra (IceCv)
  4 wights (D:8)
  3 elephant simulacra (IceCv)
  5 killer bees
  An electric eel (D:9)
  4 howler monkeys
  2 jellies
  3 gnoll boudas
  3 hounds
  Crazy Yiuf (D:2)
  9 orc priests
  A centaur skeleton (D:9)
  10 iguanas
  20 orc wizards
  2 polar bear simulacra (IceCv)
  6 spriggan simulacra (IceCv)
  4 troll simulacra (IceCv)
  4 wolf simulacra (IceCv)
  6 ogre zombies (D:11)
  Robin (D:2)
  19 gnolls
  A howler monkey skeleton (D:9)
  10 adders
  2 naga simulacra (IceCv)
  11 white imps
  3 ufetubi (IceCv)
  2 worms (D:2)
  2 dart slugs (D:4)
  62 orcs
  4 ball pythons
  An endoplasm (D:2)
  5 giant cockroaches
  22 goblins
  11 hobgoblins
  4 jackals
  2 quokkas
  3 training dummies (Orc:1)
  4 bats
  5 frilled lizards
  2 goblin skeletons (D:11)
  4 goblin zombies (D:11)
  3 hobgoblin zombies (D:11)
  35 kobolds
  2 orc skeletons (D:11)
  14 orc zombies (D:11)
  4 rats
464 creatures vanquished.

Vanquished Creatures (others)
  An orc (Orc:1)
  3 fungi (D:9)
  5 plants (D:9)
9 creatures vanquished.

Grand Total: 473 creatures vanquished

Notes
Turn   | Place    | Note
-------+----------+-------------------------------------------
     0 | D:1      | Arcadio the Minotaur Fighter began the quest for the Orb.
     0 | D:1      | Reached XP level 1. HP: 19/19 MP: 0/0
   360 | D:1      | Reached XP level 2. HP: 24/27 MP: 1/1
   412 | D:1      | Found Xuroah's Magic Scroll Shoppe.
   415 | D:1      | Bought 2 scrolls of identify for 44 gold pieces
   952 | D:1      | Bought a scroll of teleportation for 33 gold pieces
  1063 | D:2      | Reached XP level 3. HP: 33/33 MP: 2/2
  1076 | D:2      | Noticed Robin
  1106 | D:2      | Killed Robin
  1186 | D:2      | Found a shadowy altar of Dithmenos.
  1246 | D:2      | Found a faded altar of an unknown god.
  1257 | D:2      | Reached XP level 4. HP: 36/41 MP: 3/3
  1696 | D:2      | Found a runed translucent door.
  1697 | D:2      | Noticed Crazy Yiuf
  1703 | D:2      | Killed Crazy Yiuf
  2028 | D:3      | Reached skill level 5 in Fighting
  2028 | D:3      | Reached skill level 5 in Armour
  2028 | D:3      | Reached XP level 5. HP: 48/48 MP: 4/4
  2820 | D:4      | Found a hide-covered altar of Uskayaw.
  2823 | D:4      | Became a worshipper of Uskayaw the Reveller
  2842 | D:4      | Reached * piety under Uskayaw
  2886 | D:4      | Noticed Grinder
  2888 | D:4      | Reached ** piety under Uskayaw
  2891 | D:4      | Killed Grinder
  2892 | D:4      | Reached skill level 5 in Axes
  2892 | D:4      | Reached XP level 6. HP: 57/57 MP: 5/5
  2989 | D:4      | Found a glowing golden altar of the Shining One.
  3296 | D:4      | Reached *** piety under Uskayaw
  3334 | D:4      | Reached XP level 7. HP: 63/63 MP: 6/6
  3380 | D:5      | Entered Level 5 of the Dungeon
  3433 | D:4      | HP: 2/64 [gnoll/+0 flail[a gnoll bouda] (10)]
  5020 | D:5      | Reached XP level 8. HP: 65/73 MP: 7/7
  5022 | D:5      | Reached **** piety under Uskayaw
  5528 | D:6      | Got Otauh's Handbook of the Summer and Space
  5572 | D:6      | Found a sparkling altar of Nemelex Xobeh.
  6036 | D:7      | Found a flagged portal.
  6058 | D:7      | Found Weffiadd's Distillery.
  6064 | D:7      | Bought a potion of curing for 39 gold pieces
  6064 | D:7      | Bought a potion of curing for 39 gold pieces
  6073 | Bailey   | Entered a bailey
  6078 | Bailey   | Noticed an orc warlord
  6128 | Bailey   | Noticed an orc knight
  6157 | Bailey   | Killed an orc knight
  6158 | Bailey   | Reached XP level 9. HP: 49/83 MP: 8/8
  6294 | Bailey   | Found a runed translucent gate.
  6294 | Bailey   | Found a runed translucent gate.
  6294 | Bailey   | Found a runed translucent gate.
  6419 | D:7      | Acquired the +2 executioner's axe of the Forgotten Lies
                  | {flame, Contam rElec rN++ Stlth+}
  6511 | D:7      | Found a staircase to the Ecumenical Temple.
  6538 | Temple   | Entered the Ecumenical Temple
  6739 | D:7      | Noticed Maggie
  6761 | D:7      | Killed Maggie
  6900 | D:7      | Reached skill level 10 in Fighting
  6903 | D:7      | Reached skill level 10 in Armour
  6957 | D:7      | Found a stormy altar of Qazlal.
  7043 | D:7      | Reached skill level 10 in Axes
  7304 | D:8      | Reached ***** piety under Uskayaw
  7334 | D:8      | Reached XP level 10. HP: 88/94 MP: 9/9
  8133 | D:8      | Identified the staff of poison "Seuhup" {rPois rN+ rCorr
                  | Int+3 Stlth-}
  8326 | D:9      | Found Uroaby's Armour Shop.
  8514 | D:9      | Found Xaumil's Book Shoppe.
  8584 | D:9      | Found a staircase to the Lair.
  8751 | D:9      | Found Yhimiaph's Antique Weapon Shop.
  8952 | D:9      | Found Ocupt's Weapon Emporium.
  9115 | D:9      | Found Pucvyhoc's Weapon Shop.
  9412 | D:9      | Reached XP level 11. HP: 83/104 MP: 10/10
  9619 | D:9      | Bought a +0 pair of gloves for 54 gold pieces
  9726 | D:10     | Entered Level 10 of the Dungeon
 10476 | D:10     | Found an iron altar of Okawaru.
 10619 | D:10     | Found a glowing silver altar of Zin.
 10718 | D:11     | Found a staircase to the Orcish Mines.
 10726 | D:11     | Reached ****** piety under Uskayaw
 10919 | D:11     | Noticed Josephine
 10928 | D:11     | Killed Josephine
 10929 | D:11     | Reached skill level 1 in Invocations
 11087 | D:11     | Found a frozen archway.
 11097 | IceCv    | Entered an ice cave
 12992 | IceCv    | Noticed a bog body
 12992 | IceCv    | Noticed a bog body
 13021 | IceCv    | Reached XP level 12. HP: 71/116 MP: 13/13
 13287 | IceCv    | Identified the +5 great mace of Fimbulwinter {venom, rElec
                  | rF+ rCorr Dex-2}
 13299 | IceCv    | Identified the +8 ring mail of the Lion {-Cast rF++ Str+5}
 14096 | Orc:1    | Entered Level 1 of the Orcish Mines
 14198 | Orc:1    | Found Orhawiol's Jewellery Emporium.
 14267 | Orc:1    | Found Ixzo's Firing Range.
 14333 | Orc:1    | Noticed Jorgrun
 14333 | Orc:1    | Noticed an orc high priest
 14851 | D:11     | Killed an orc high priest
 14957 | Orc:1    | Killed Jorgrun
 14958 | Orc:1    | Reached skill level 5 in Invocations
 15373 | Orc:2    | Entered Level 2 of the Orcish Mines
 15373 | Orc:2    | Found a staircase to the Elven Halls.
 15434 | Orc:2    | Noticed Saint Roka
 15846 | Orc:2    | Noticed Sonja
 15969 | Orc:2    | Killed Sonja
 16176 | Orc:2    | Found Ymoogen's Assorted Antiques.
 16271 | Orc:2    | Noticed an orc warlord
 16294 | Orc:2    | HP: 2/118 [orc knight/+3 battleaxe (9)]
 16294 | Orc:2    | Killed from afar by an orc priest

Illustrated notes

Levels and vault maps discovered:
D:1:      giann_wishing_wells, layout_basic, serial_shops,
          nicolae_shop_tiny_real_fake_doors
D:2:      layout_loops_ring, basic_altar, shapermc_ecumenical_altar_acropolis,
          minmay_distorted, uniq_robin, uniq_crazy_yiuf_cottage
D:3:      layout_basic
D:4:      layout_loops_ring, kennysheep_mini_moat,
          mainiacjoe_overflow_cross_hatched, nicolae_nh_ransacked_shop,
          uniq_grinder
D:5:      layout_loops_ring
D:6:      layout_basic, nemelex_diamond_rough_becter, minmay_unpleasant_kobolds
D:7:      layout_rooms, mainiacjoe_overflow_brackets,
          minmay_temple_entry_junction_2, enter_bailey_5, serial_shops, shop,
          minmay_crystal_room, kennysheep_potato, uniq_maggie
D:8:      layout_layer_cave, chequers_arboretum
D:9:      layout_irregular_city, dpeg_oklobed_lair, serial_shops,
          nicolae_inconvenience_store, shop, shop, shop, shop,
          hangedman_weighted_door
D:10:     nicolae_cairo_tiling_large_dashed, layout_basic, okawaru_humans,
          zin_scriptorium, hangedman_abyss_or_decor_jellyfish_corner
D:11:     layout_stronghold, zombieorc2_lemuel, portal_ice_cave_rime,
          uniq_josephine
Temple:   kb_temple_of_zot
Orc:1:    layout_diamond_mine, serial_shops, shop,
          dreamdust_deal_with_the_devil, nicolae_shop_firing_range, uniq_jorgrun
Orc:2:    grunt_orc_community_town_hall, layout_caves,
          grunt_orc_community_big_house_1, grunt_orc_community_big_house_2,
          grunt_orc_community_house_1, grunt_orc_community_house_3,
          grunt_orc_community_house_1, grunt_orc_community_house_3,
          grunt_orc_community_house_2, uniq_saint_roka, uniq_sonja

Skill      XL: |  1  2  3  4  5  6  7  8  9 10 11 12 |
---------------+-------------------------------------+-----
Fighting       | 4 5 6 7 9 10 12 13 14 | 14.9
Armour         | 4 5 6 7 9 10 12 13 14 | 14.8
Axes           | 3 4 5 6 8 10 11 13 14 | 14.6
Invocations    | 3 6 |  6.0
Shields        | |  3.6

Action                     |  1- 3 |  4- 6 |  7- 9 | 10-12 || total
---------------------------+-------+-------+-------+-------++-------
  Melee: War axe           |    87 |    93 |   140 |       ||   320
         Headbutt          |     6 |    11 |    25 |    82 ||   124
         Executioner's axe |       |       |    66 |   449 ||   515
  Evoke: Wand              |       |     4 |     8 |     2 ||    14
         Phantom mirror    |       |       |     1 |       ||     1
    Use: Scroll            |     3 |       |     5 |     8 ||    16
         Potion            |       |       |     2 |     5 ||     7
   Stab: Paralysed         |       |       |    12 |    36 ||    48
 Armour: Scale mail        |    51 |    33 |    24 |       ||   108
         Chain mail        |       |       |   145 |   230 ||   375
         Ring mail         |       |       |       |   131 ||   131
  Dodge: Dodged            |    43 |    37 |   112 |   280 ||   472
  Block: Buckler           |    28 |    15 |    31 |       ||    74
